 Dungeon Crawl Stone Soup version 0.29.1-15-g9cfb28693d (webtiles) character file.

Game seed: 8311328626762147191

117957 Exodus22XD the Alchemist (level 15, -4/85 HPs)
             Began as a Felid Summoner on Apr 14, 2023.
             Was an Initiate of Gozag.
             Slain by a faun
             ... wielding a +0 spear
             ... led by a satyr
              (7 damage)
             ... on level 3 of the Shoals on Apr 15, 2023.
             The game lasted 04:17:22 (31084 turns).

Exodus22XD the Alchemist (Felid Summoner)          Turns: 31084, Time: 04:17:23

Health: -4/85      AC: 28    Str:  4    XL:     15   Next: 93%
Magic:  17/42      EV: 28    Int: 30    God:    Gozag
Gold:   1645       SH:  0    Dex: 17    Spells: 11/40 levels left
                                        Lives:  0   Deaths: 4

rFire   . . .      SeeInvis +     - Unarmed
rCold   . . .      Faith    .   (shield unavailable)
rNeg    + . .      Spirit   .   (body armour unavailable)
rPois   ∞          Reflect  .   (helmet unavailable)
rElec   +          Harm     .   (cloak unavailable)
rCorr   .          Rampage  .   (gloves unavailable)
Will    ++...                   (boots unavailable)
Stlth   ++........              K - amulet of the Fool {Acrobat Will+ Regen+ SInv}
HPRegen 1.04/turn               r - ring "Tohus" {Will++ Int+6}
MPRegen 0.28/turn               k - ring of magical power

@: statue-form, weak-willed, engulfed, wereblooded, gold aura, hasted
A: slow and powerful, torment resistance 1, boosted hp, very small, claws 1,
fangs 3, see invisible, (speed 1), (shaggy fur 3), stealthy paws, no weapons or
thrown items, no armour, multi-lived
}: 1/15 runes: serpentine
a: End Transformation, Renounce Religion, Potion Petition, Call Merchant, Bribe
Branch


You were on level 3 of the Shoals.
You worshipped Gozag.
Gozag was most pleased with you.
You were a living statue of rough stone.
You visited 6 branches of the dungeon, and saw 30 of its levels.
You also visited: Sewer.

You collected 11084 gold pieces.
You spent 3286 gold pieces at shops.
You paid 6153 gold pieces to Gozag.

Inventory:

Jewellery
 d - a ring of protection from fire
 e - a ring of wizardry
 i - the ring of Greed {rPois rF+ rN+ Slay-4 SInv}
   (You bought it in a shop on level 1 of the Lair of Beasts)

   [ring of see invisible]

   Slay:      It affects your accuracy & damage with ranged weapons and melee
   (-4).
   rF:        It protects you from fire.
   rPois:     It protects you from poison.
   rN:        It protects you from negative energy.
   SInv:      It lets you see invisible.
 j - a +6 ring of intelligence
 k - a ring of magical power (right paw)
 r - the ring "Tohus" (left paw) {Will++ Int+6}
   (You found it on level 1 of the Lair of Beasts)

   [ring of intelligence]

   Int:       It affects your intelligence (+6).
   Will:      It greatly increases your willpower.
 E - an amulet of reflection
 F - a ring of protection from cold
 K - the amulet of the Fool (around neck) {Acrobat Will+ Regen+ SInv}
   (You bought it in a shop on level 2 of the Snake Pit)

   [amulet of the acrobat]

   It increases your evasion while moving and waiting.
   SInv:      It lets you see invisible.
   Regen:     It increases your rate of health regeneration.
   Will:      It increases your willpower.
 M - a ring of poison resistance
 N - a ring of positive energy
 O - a ring of resist corrosion
Wands
 x - a wand of flame (65)
 y - a wand of digging (2)
 H - a wand of mindburst (11)
 J - a wand of roots (2)
 R - a wand of light (3)
 S - a wand of paralysis (6)
Scrolls
 b - 7 scrolls of poison
 h - 7 scrolls of vulnerability
 l - 6 scrolls of fear
 n - 2 scrolls of immolation
 p - a scroll of summoning
 q - 7 scrolls of teleportation
 s - a scroll of silence
 u - 8 scrolls of amnesia
 w - 4 scrolls of enchant armour
 D - 3 scrolls of torment
 P - 2 scrolls of blinking
 Q - 2 scrolls of magic mapping
 T - 4 scrolls of fog
Potions
 a - a potion of magic
 c - 13 potions of curing
 f - 2 potions of berserk rage {unknown}
 g - 8 potions of lignification {unknown}
 m - 6 potions of haste
 o - 9 potions of flight
 t - 6 potions of mutation
 v - 5 potions of cancellation
 z - 4 potions of brilliance {unknown}
 A - 7 potions of degeneration {unknown}
 B - 9 potions of might
 C - 6 potions of ambrosia
 G - 5 potions of resistance {unknown}


   Skills:
 + Level 8.2 Fighting
 + Level 15.1 Dodging
 - Level 2.6 Stealth
 + Level 12.8 Unarmed Combat
 - Level 13.0 Spellcasting
 - Level 5.0 Hexes
 - Level 16.0 Summonings
 - Level 17.0 Transmutations
 - Level 7.0 Air Magic
 - Level 5.0 Earth Magic


You had 11 spell levels left.
You knew the following spells:

 Your Spells              Type           Power      Damage    Failure   Level
a - Wereblood             Tmut           88%        N/A       0%          2
b - Call Imp              Summ           86%        N/A       0%          2
c - Yara's Violent Unrav  Hex/Tmut       35%        3d14      1%          5
d - Summon Guardian Gole  Hex/Summ       70%        N/A       1%          3
e - Summon Lightning Spi  Summ/Air       73%        N/A       1%          4
f - Summon Hydra          Summ           43%        N/A       3%          7
g - Statue Form           Tmut/Erth      47%        N/A       4%          6

Your spell library contained the following spells:

 Spells                   Type           Power      Damage    Failure   Level
 Summon Small Mammal      Summ           100%       N/A       0%          1
 Call Canine Familiar     Summ           86%        N/A       0%          3
 Sandblast                Erth           98%        2d20      1%          1
 Passwall                 Tmut/Erth      59%        N/A       1%          2
 Poisonous Vapours        Pois/Air       80%        N/A       1%          2
 Static Discharge         Conj/Air       40%        3-8/arc   1%          2
 Ignite Poison            Fire/Tmut/Pois 52%        N/A       1%          3
 Tukima's Dance           Hex            49%        N/A       1%          3
 Ice Form                 Ice/Tmut       63%        N/A       1%          4
 Petrify                  Tmut/Erth      71%        N/A       1%          4
 Blade Hands              Tmut           44%        N/A       1%          5
 Necrotise                Necr           76%        1d7       2%          1
 Inner Flame              Hex/Fire       34%        N/A       2%          3
 Stone Arrow              Conj/Erth      68%        3d11      2%          3
 Sublimation of Blood     Necr           19%        N/A       3%          2
 Mephitic Cloud           Conj/Pois/Air  33%        N/A       3%          3
 Cause Fear               Hex            24%        N/A       3%          4
 Gell's Gravitas          Tloc           19%        N/A       8%          3
 Lesser Beckoning         Tloc           19%        N/A       8%          3
 Teleport Other           Tloc           19%        N/A       8%          3
 Vampiric Draining        Necr           19%        2d7       8%          3
 Lightning Bolt           Conj/Air       20%        1d35      17%         5
 Olgreb's Toxic Radiance  Pois           19%        N/A       26%         4
 Passage of Golubria      Tloc           19%        N/A       26%         4
 Borgnjor's Vile Clutch   Necr/Erth      17%        N/A       26%         5
 Metabolic Englaciation   Hex/Ice        17%        N/A       26%         5
 Freezing Cloud           Conj/Ice/Air   16%        6-21      28%         5
 Agony                    Necr           19%        N/A       56%         5
 Discord                  Hex            24%        N/A       100%        8
 Maxwell's Capacitive Co  Air            28%        ∞         100%        8
 Animate Armour           Summ/Erth      Unusable   N/A       N/A         4
 Portal Projectile        Hex/Tloc       Unusable   N/A       N/A         3
 Corpse Rot               Necr/Pois/Air  Unusable   N/A       N/A         4

Dungeon Overview and Level Annotations

Branches:
Dungeon (15/15)            Temple (1/1) D:6            Lair (5/5) D:8
 Shoals (3/4) Lair:2        Snake (4/4) Lair:2        Slime (0/5) Lair:5
    Orc (2/2) D:10            Elf (0/3) Orc:2        Depths (0/4) D:15
  Sewer (visited)
 Vaults: D:13-14

Altars:
Ashenzari
Cheibriados
Dithmenos
Elyvilon
Fedhas
Gozag
Hepliaklqana
Kikubaaqudgha
Makhleb
Nemelex Xobeh
Okawaru
Qazlal
Ru
Sif Muna
Trog
Uskayaw
Vehumet
Wu Jian
Xom
Yredelemnul
Zin
The Shining One

Shops:
D:8 !   D:12 (   D:15 *   Orc:2 :[[=!*   Lair:1 =   Lair:3 ?   Shoals:1 ??((
Shoals:2 :*   Snake:2 !=   Snake:4 =

Portals:
Trove: D:15 (give 2 scrolls of acquirement)

Annotations:
D:9 2 transporters, diiiiiane's ghost, novice DEFE
D:15 Josephine
Snake:3 1 runed translucent door, Yfu Sewu's ghost, adept DEEE


Innate Abilities, Weirdness & Mutations

You are a living statue of rough stone.
Your actions are slow, but your melee attacks are powerful.
You are resistant to unholy torment.
Your maximum health is greatly increased.
You are immune to poison.
You have sharp claws.
You have razor-sharp teeth.
You have supernaturally acute eyesight. (SInv)
((You cover ground quickly. (Speed+)))
((Your thick and shaggy fur keeps you warm. (AC +3, rC+)))
Your paws help you pounce on unaware monsters.
You are incapable of wielding weapons or throwing items.
You cannot wear armour.
You gain extra lives every three experience levels.


Message History

Your four-headed hydra misses the satyr.
Your four-headed hydra bites the satyr!
Your four-headed hydra bites the satyr but does no damage.
The faun closely misses you.
The alligator snapping turtle bites you from afar!!
* * * LOW HITPOINT WARNING * * *
The satyr shoots an arrow.
The arrow barely misses your four-headed hydra.
The arrow hits you!!
* * * LOW HITPOINT WARNING * * *
The water elemental barely misses you.
The merfolk siren chants a haunting song.
You resist with almost no effort.
You feel much better. The faun barely misses you.
Your four-headed hydra bites the satyr.
Your four-headed hydra bites the satyr!
Your four-headed hydra closely misses the satyr.
Your four-headed hydra bites the satyr!
The satyr dies!
The faun points at you and mumbles some strange words.
You resist with almost no effort. The water elemental misses you.
The faun hits your four-headed hydra with a +0 club!
Your four-headed hydra dies!
Your four-headed hydra's corpse disappears in a puff of smoke!
The alligator snapping turtle closely misses you.
The merfolk siren chants a haunting song.
You resist with almost no effort. Magic courses through your body.
The faun no longer looks unusually strong.
The faun hits you but does no damage.
The faun gestures at you while chanting.
You resist with almost no effort. The water elemental barely misses you.
Unknown command.
Casting: Summon Hydra (dangerous; 3% risk of failure)
Confirm with . or Enter, or press ? or * to list all spells.
A six-headed hydra appears.
The alligator snapping turtle bites you from afar!!
* * * LOW HITPOINT WARNING * * *
The faun hits you from afar with a +0 spear!
You die...
Your body crumbles into a pile of gold.

~~~....P...~~~~~
≈≈....~~.~P~~~~~~~~~≈≈~~
≈~~~/~~~P~~~~≈~≈≈≈≈≈≈~~≈
..~~~≈≈P~~~≈≈≈≈≈≈≈≈§≈≈≈≈
≈≈≈≈≈~~~~~~~≈≈≈≈≈≈≈≈§≈≈≈≈≈
≈~~~~..≈≈≈≈~~~..ccm≈≈≈≈≈≈≈≈≈§≈§§≈
~~~~≈~~≈≈≈≈~~..P..P≈≈≈≈.~~~§§§§§≈
~..~≈≈≈≈≈≈≈~..tE8c.≈≈≈~≈.###§§~≈≈
~....~≈≈~≈~~~..$...≈≈≈≈.#....§≈≈≈
~~.~~≈≈~~~~~~...D..≈≈≈.#......~§≈
~...≈≈~~~~~..........~.#..<..#≈≈≈
~......~~.....<....≈~~~......#~≈≈
~~.....~...........≈≈≈~~#....~~≈≈
~~^.##..........~~~≈≈≈≈≈~#.#~≈≈≈≈
~).#######....~~~~~≈≈≈≈~~~~~~≈≈≈≈
~)..## ###P.~~~~~~≈≈≈≈≈≈≈≈≈≈≈≈≈


You could see an alligator snapping turtle, 3 fauns, a water elemental (ally
target), a merfolk siren and a friendly six-headed hydra (summoned).

Vanquished Creatures
  Ilsuiw (Shoals:2)
  A merfolk impaler (Shoals:1)
  3 salamander tyrants (Snake:4)
  A merfolk aquamancer (Shoals:2)
  2 centaur warriors
  3 anacondas
  A naga warrior (Snake:4)
  A satyr (Shoals:3)
  A naga sharpshooter (Snake:3)
  A sea snake (Shoals:2)
  4 naga ritualists
  4 harpies (Shoals:2)
  11 fauns
  3 mana vipers (Snake:2)
  4 salamanders
  3 manticores
  3 merfolk sirens
  A guardian serpent (Snake:4)
  13 black mambas
  2 naga magi (Snake:4)
  2 water nymphs (Shoals:2)
  2 nameless horrors
  5 wind drakes (Shoals:2)
  5 merfolk
  2 snapping turtles
  8 water elementals
  A steam dragon (D:7)
  5 nagas
  3 centaurs (D:15)
  2 electric eels (Lair:2)
  An orc priest (D:10)
99 creatures vanquished.

Vanquished Creatures (collateral kills)
  2 quicksilver dragons (Snake:4)
  Kirke (Snake:3)
  A kraken (Shoals:3)
  4 nagarajas (Snake:4)
  Roxanne (Snake:3)
  Azrael (D:14)
  Snorg (D:12)
  A merfolk javelineer (Shoals:2)
  A merfolk impaler (Shoals:2)
  Fannar (Lair:1)
  A fire dragon (D:14)
  7 boulder beetles
  2 salamander tyrants
  7 hydras
  2 catoblepae (Lair:5)
  4 ogre magi (Orc:2)
  A merfolk aquamancer (Shoals:1)
  A satyr (Shoals:3)
  10 two-headed ogres
  2 alligator snapping turtles
  4 death yaks
  6 anacondas
  9 centaur warriors
  7 naga warriors
  A death knight (D:14)
  5 naga sharpshooters
  2 shock serpents (Snake:2)
  Sonja (Lair:1)
  3 skeletal warriors
  4 sea snakes
  6 salamander mystics
  A shadow dragon zombie (D:15)
  4 naga ritualists
  A phantasmal warrior (D:15)
  2 lindwurms
  2 orc knights
  A harpy (shapeshifter) (D:14)
  3 deep elf pyromancers
  10 mana vipers
  2 nameless horrors
  A necromancer (D:15)
  A stone giant zombie (D:15)
  4 cyclopes
  4 manticores
  2 salamanders (shapeshifter) (D:14)
  16 ugly things
  8 fauns
  5 merfolk sirens
  20 salamanders
  5 guardian serpents
  A stone giant skeleton (D:15)
  3 elephants
  9 naga magi
  23 black mambas
  2 gargoyles
  7 cane toads
  2 unseen horrors
  2 freezing wraiths (D:14)
  4 rime drakes
  8 komodo dragons
  2 kobold demonologists
  2 merfolk
  2 polar bears
  Grinder (D:4)
  8 trolls
  A wind drake (Shoals:2)
  13 slime creatures
  3 hornets
  10 blink frogs
  6 dream sheep
  A spriggan zombie (D:15)
  A shadow (D:11)
  Sigmund (D:3)
  A vampire (D:11)
  47 yaks
  4 water elementals
  5 wraiths
  4 hogs (Snake:3)
  4 fire elementals (D:14)
  7 wyverns
  5 basilisks
  A hog (shapeshifter) (D:14)
  A basilisk (shapeshifter) (D:14)
  Menkaure (D:6)
  A vampire mosquito (D:12)
  24 nagas
  2 acid dragons (D:12)
  8 water moccasins
  2 hell hounds (D:14)
  A floating eye (D:12)
  A black bear (D:8)
  2 sky beasts
  14 orc warriors
  3 ice beasts
  9 centaurs
  22 ogres
  11 wolves
  14 bullfrogs
  Blork the orc (D:4)
  A kobold brigand (D:7)
  A necrophage (D:6)
  3 scorpions
  2 gnoll sergeants (D:12)
  14 wights
  Dowan (D:6)
  An electric eel (D:10)
  3 howler monkeys
  7 lava snakes (Snake:2)
  A hound (D:4)
  3 gnoll boudas
  14 orc priests
  6 iguanas
  20 orc wizards
  7 hell rats (Lair:5)
  19 gnolls
  7 river rats
  14 adders
  2 shadow imps
  8 worms
  3 dart slugs
  54 orcs
  7 ball pythons
  12 bats
  11 endoplasms
  3 giant cockroaches
  16 goblins
  7 hobgoblins
  10 jackals
  13 kobolds
  4 frilled lizards
  9 rats
  4 tentacles (Shoals:3)
785 creatures vanquished.

Vanquished Creatures (others)
  Rupert (Lair:5)
  2 dire elephants (Lair:5)
  A two-headed ogre (Orc:2)
  2 naga warriors (Snake:1)
  A tengu warrior (D:14)
  5 death yaks
  3 ugly things
  A manticore (Lair:5)
  3 elephants
  A naga mage (D:15)
  Joseph (D:8)
  A torpor snail (Lair:4)
  A rime drake (Lair:2)
  2 cane toads
  A komodo dragon (Lair:5)
  A merfolk (Shoals:3)
  2 blink frogs (Lair:4)
  A slime creature (D:15)
  A shadow (D:12)
  8 yaks
  2 humans (Snake:3)
  A wraith (D:15)
  2 vampire mosquitoes (D:12)
  2 nagas
  An acid dragon (D:10)
  5 water moccasins
  Duvessa (D:6)
  A nameless horror (Shoals:3)
  2 ogres
  An orc warrior (D:9)
  2 wolves (Lair:5)
  2 centaurs (D:12)
  2 bullfrogs (D:8)
  A wight (D:7)
  A hell rat (Lair:5)
  6 gnolls
  A river rat (Sewer)
  2 orcs (D:10)
  A bush (Lair:4)
  66 fungi
  173 plants
  8 withered plants (D:15)
322 creatures vanquished.

Grand Total: 1206 creatures vanquished

Notes
Turn   | Place    | Note
-------+----------+-------------------------------------------
     0 | D:1      | Exodus22XD the Felid Summoner began the quest for the Orb.
     0 | D:1      | Reached XP level 1. HP: 7/7 MP: 4/4
   135 | D:1      | Reached XP level 2. HP: 11/11 MP: 3/6
   138 | D:1      | Learned a level 2 spell: Call Imp
   441 | D:1      | Found a faded altar of an unknown god.
   449 | D:1      | Reached XP level 3. HP: 12/14 MP: 3/7
   624 | D:2      | Learned a level 3 spell: Call Canine Familiar
  1130 | D:2      | Reached skill level 5 in Summonings
  1147 | D:2      | Reached XP level 4. HP: 17/18 MP: 4/9
  1642 | D:3      | Found an ancient bone altar of Kikubaaqudgha.
  1670 | D:3      | Learned a level 3 spell: Summon Guardian Golem
  1767 | D:3      | Noticed Sigmund
  1784 | D:3      | Killed Sigmund
  1785 | D:3      | Reached XP level 5. HP: 21/21 MP: 12/12
  1785 | D:3      | Gained mutation: You are covered in thick fur. (AC +2)
                  | [Felid growth]
  1785 | D:3      | Reached XP level 6. HP: 24/24 MP: 13/13
  2113 | D:3      | Learned a level 4 spell: Summon Lightning Spire
  2543 | D:4      | Noticed Grinder
  2547 | D:4      | Noticed Blork the orc
  2968 | D:4      | Found a glowing drain.
  2997 | Sewer    | Entered a sewer
  3605 | Sewer    | Reached XP level 7. HP: 20/27 MP: 15/15
  3743 | D:4      | Paralysed by Grinder for 3 turns
  3760 | D:4      | Killed Grinder
  3761 | D:4      | Reached skill level 5 in Spellcasting
  3787 | D:4      | Reached skill level 1 in Air Magic
  4220 | D:4      | Killed Blork the orc
  4449 | D:5      | Entered Level 5 of the Dungeon
  4468 | D:5      | Reached XP level 8. HP: 31/31 MP: 17/17
  4530 | D:5      | Reached skill level 5 in Hexes
  5465 | D:6      | Found a staircase to the Ecumenical Temple.
  5488 | D:6      | Reached XP level 9. HP: 34/34 MP: 18/21
  5499 | Temple   | Entered the Ecumenical Temple
  5691 | Temple   | Became a worshipper of Gozag Ym Sagoz the Greedy
  5802 | D:6      | Noticed Menkaure
  5803 | D:6      | Noticed Dowan
  5803 | D:6      | Noticed Duvessa
  6048 | D:6      | Killed Duvessa
  6062 | D:6      | Killed Dowan
  6074 | D:6      | Killed Menkaure
  6939 | D:7      | Reached XP level 10. HP: 37/37 MP: 17/24
  7010 | D:7      | Paralysed by a hornet for 1 turns
  7351 | D:7      | Found a burning altar of Makhleb.
  7474 | D:8      | Reached skill level 5 in Air Magic
  7485 | D:8      | Found a staircase to the Lair.
  7518 | D:8      | Reached skill level 10 in Summonings
  7747 | D:8      | Found Doxkisesch's Distillery.
  7808 | D:8      | Noticed Joseph
  7825 | D:8      | Killed Joseph
  7832 | D:8      | Reached skill level 10 in Spellcasting
  7942 | D:8      | Noticed a centaur warrior
  8311 | D:9      | Found a flagged portal.
  8316 | D:9      | Noticed a two-headed ogre
  8328 | D:9      | Killed a two-headed ogre
  8440 | D:9      | Noticed a cyclops
  8443 | D:9      | Noticed diiiiiane's ghost (novice DEFE)
  8451 | D:9      | Found a transporter.
  8454 | D:9      | Found a transporter.
  8466 | D:9      | Reached XP level 11. HP: 27/40 MP: 26/26
  8802 | D:9      | Found a hide-covered altar of Uskayaw.
  8808 | D:9      | Found a stormy altar of Qazlal.
  8810 | D:9      | Found a hazy altar of Hepliaklqana.
  8811 | D:9      | Found a sparkling altar of Nemelex Xobeh.
  8817 | D:9      | Found an ornate altar of the Wu Jian Council.
  9028 | D:10     | Entered Level 10 of the Dungeon
  9263 | D:10     | Found a bloodstained altar of Trog.
  9310 | D:10     | Found a sacrificial altar of Ru.
  9557 | D:10     | Found a shimmering blue altar of Sif Muna.
  9563 | D:10     | Found a white marble altar of Elyvilon.
 10225 | D:10     | Found a staircase to the Orcish Mines.
 10362 | Lair:1   | Entered Level 1 of the Lair of Beasts
 10362 | Lair:1   | Noticed Sonja
 10376 | Lair:1   | Killed Sonja
 10596 | Lair:1   | Bought the ring of Greed {rPois rF+ rN+ Slay-4 SInv} for
                  | 226 gold pieces
 10881 | Lair:1   | Reached skill level 1 in Fighting
 10881 | Lair:1   | Reached skill level 1 in Unarmed Combat
 11046 | Lair:1   | Noticed Fannar
 11066 | Lair:1   | Killed Fannar
 11076 | Lair:1   | Identified the ring "Tohus" {Will++ Int+6}
 11604 | Lair:2   | Reached skill level 5 in Dodging
 11636 | Lair:2   | Found a staircase to the Snake Pit.
 11665 | Lair:2   | Gained mutation: Your thick and shaggy fur keeps you warm.
                  | (AC +3, rC+) [Felid growth]
 11665 | Lair:2   | Reached XP level 12. HP: 48/48 MP: 18/28
 11686 | Lair:2   | Noticed a death yak
 11687 | Lair:2   | Noticed a death yak
 11691 | Lair:2   | Noticed a death yak
 11692 | Lair:2   | Noticed a death yak
 11694 | Lair:2   | Noticed a death yak
 11695 | Lair:2   | Noticed a death yak
 11698 | Lair:2   | Killed a death yak
 11699 | Lair:2   | Killed a death yak
 11701 | Lair:2   | Killed a death yak
 11702 | Lair:2   | Killed a death yak
 11706 | Lair:2   | Killed a death yak
 11714 | Lair:2   | Killed a death yak
 12019 | Lair:3   | Bought a scroll of identify for 36 gold pieces
 12019 | Lair:3   | Bought a scroll of identify for 36 gold pieces
 12019 | Lair:3   | Bought a scroll of teleportation for 54 gold pieces
 12316 | Lair:3   | Noticed a boulder beetle
 12344 | Lair:3   | Killed a boulder beetle
 12682 | Lair:4   | Learned a level 7 spell: Summon Hydra
 12836 | Lair:4   | Reached skill level 5 in Fighting
 12849 | Lair:4   | Reached skill level 5 in Unarmed Combat
 13157 | Lair:4   | Reached XP level 13. HP: 55/55 MP: 19/31
 13436 | Lair:5   | Entered Level 5 of the Lair of Beasts
 13838 | Lair:5   | Noticed Rupert
 13857 | Lair:5   | Killed Rupert
 14189 | Lair:5   | Found a staircase to the Slime Pits.
 14261 | Lair:5   | Slain by a blink frog
 14262 | Lair:5   | Reached XP level 12. HP: 0/52 MP: 0/30
 14284 | Lair:5   | Noticed an eight-headed hydra
 14298 | Lair:5   | Killed an eight-headed hydra
 14743 | Lair:5   | Noticed a catoblepas
 14761 | Lair:5   | Killed a catoblepas
 15085 | Lair:5   | Noticed a death yak
 15093 | Lair:5   | Noticed a dire elephant
 15093 | Lair:5   | Killed a death yak
 15094 | Lair:5   | Reached XP level 13. HP: 56/56 MP: 27/31
 15107 | Lair:5   | Killed a dire elephant
 15271 | Lair:5   | Reached skill level 15 in Summonings
 15369 | Lair:5   | Noticed a dire elephant
 15379 | Lair:5   | Killed a dire elephant
 15427 | Lair:5   | Identified the +6 mace "Qyhoziri" {vorpal, rCorr Str-5
                  | Int+4}
 15761 | Orc:1    | Entered Level 1 of the Orcish Mines
 16153 | Orc:2    | Entered Level 2 of the Orcish Mines
 16187 | Orc:2    | Found a staircase to the Elven Halls.
 16298 | Orc:2    | Found an iron altar of Okawaru.
 16843 | Orc:2    | Reached skill level 10 in Dodging
 17060 | Orc:2    | Found Syab's Assorted Antiques.
 17060 | Orc:2    | Found Qebiciv's Armour Shoppe.
 17061 | Orc:2    | Found Gaedgh's Distillery.
 17061 | Orc:2    | Found Gullarph's Armour Shop.
 17127 | Orc:2    | Bought a scroll of identify for 56 gold pieces
 17131 | Orc:2    | Bought a potion of cancellation for 112 gold pieces
 17131 | Orc:2    | Bought a potion of curing for 42 gold pieces
 17131 | Orc:2    | Bought a potion of heal wounds for 70 gold pieces
 17131 | Orc:2    | Bought a potion of might for 56 gold pieces
 17137 | Orc:2    | Bought Weupocae's Treatise on Transmigration and
                  | Putrescence for 756 gold pieces
 17144 | Orc:2    | Learned a level 6 spell: Statue Form
 17568 | D:11     | Reached skill level 1 in Transmutations
 17581 | D:11     | Reached skill level 2 in Transmutations
 18016 | D:11     | Reached skill level 3 in Transmutations
 18016 | D:11     | Reached XP level 14. HP: 61/61 MP: 22/32
 18357 | D:12     | Reached skill level 4 in Transmutations
 18364 | D:12     | Noticed Snorg
 18506 | D:12     | Killed Snorg
 18579 | D:12     | Reached skill level 5 in Transmutations
 18817 | D:12     | Reached skill level 6 in Transmutations
 18909 | D:12     | Reached skill level 7 in Transmutations
 19014 | D:12     | Found Amninut's Weapon Boutique.
 19426 | D:13     | Reached skill level 1 in Earth Magic
 20421 | D:14     | Reached skill level 8 in Transmutations
 20660 | D:14     | Found a bloodstained altar of Trog.
 20710 | D:14     | Noticed Azrael
 20731 | D:14     | Killed Azrael
 20823 | D:14     | Shot with an arrow by a centaur warrior
 20824 | D:14     | Reached XP level 13. HP: -6/58 MP: 31/31
 21093 | D:14     | Reached skill level 9 in Transmutations
 21779 | D:14     | Reached skill level 5 in Earth Magic
 21780 | D:14     | Noticed a fire dragon
 22041 | D:14     | Reached XP level 14. HP: 61/61 MP: 10/32
 22107 | D:14     | Reached skill level 10 in Transmutations
 22580 | D:14     | Reached skill level 11 in Transmutations
 22730 | D:15     | Entered Level 15 of the Dungeon
 22756 | D:15     | Found a staircase to the Depths.
 23036 | D:15     | HP: 1/61 [salamander/+0 halberd (20)]
 23036 | D:15     | Slain by a salamander
 23037 | D:15     | Reached XP level 13. HP: -5/58 MP: 4/31
 23357 | D:15     | Reached skill level 12 in Transmutations
 23923 | D:15     | Reached skill level 13 in Transmutations
 24161 | D:15     | Found a portal to a secret trove of treasure.
 24368 | D:15     | Noticed Josephine
 24398 | D:15     | Found Zetz's Serpentskin Sales.
 24623 | Snake:1  | Entered Level 1 of the Snake Pit
 24703 | Snake:1  | Reached XP level 14. HP: 61/61 MP: 22/32
 25220 | Snake:1  | Reached skill level 14 in Transmutations
 25994 | Snake:2  | Bought the amulet of the Fool {Acrobat Will+ Regen+ SInv}
                  | for 608 gold pieces
 26071 | Snake:2  | Reached skill level 15 in Transmutations
 26302 | Snake:2  | Reached skill level 16 in Transmutations
 26572 | Snake:2  | Found Plog's Distillery.
 26609 | Snake:2  | Bought a potion of curing for 60 gold pieces
 26954 | Snake:2  | Reached skill level 17 in Transmutations
 26959 | Snake:2  | Reached XP level 15. HP: 65/65 MP: 27/33
 27160 | Snake:2  | Learned a level 2 spell: Wereblood
 27488 | Snake:3  | Identified Roxanne's Book of the Ground
 27488 | Snake:3  | Noticed Roxanne
 27531 | Snake:3  | Noticed Kirke
 27538 | Snake:3  | Killed Kirke
 27555 | Snake:3  | Noticed Yfu Sewu's ghost (adept DEEE)
 27610 | Snake:3  | Found a runed translucent door.
 28014 | Snake:3  | Killed Roxanne
 28071 | Snake:4  | Entered Level 4 of the Snake Pit
 28711 | Snake:4  | Reached skill level 10 in Unarmed Combat
 28739 | Snake:4  | Found Teiskeli's Jewellery Emporium.
 28918 | Snake:4  | Killed from afar by a salamander tyrant
 28919 | Snake:4  | Reached XP level 14. HP: -19/80 MP: 29/41
 29089 | Snake:4  | Noticed a nagaraja
 29095 | Snake:4  | Killed a nagaraja
 29171 | Snake:4  | Noticed a nagaraja
 29176 | Snake:4  | Killed a nagaraja
 29286 | Snake:4  | Noticed a nagaraja
 29296 | Snake:4  | Killed a nagaraja
 29297 | Snake:4  | Reached XP level 15. HP: 66/66 MP: 25/33
 29310 | Snake:4  | Noticed a quicksilver dragon
 29310 | Snake:4  | Noticed a quicksilver dragon
 29310 | Snake:4  | Noticed a nagaraja
 29317 | Snake:4  | Killed a nagaraja
 29318 | Snake:4  | Killed a quicksilver dragon
 29320 | Snake:4  | Killed a quicksilver dragon
 29335 | Snake:4  | Got a serpentine rune of Zot
 29491 | Snake:2  | Bought 2 potions of curing for 120 gold pieces
 29491 | Snake:2  | Bought a potion of haste for 200 gold pieces
 29491 | Snake:2  | Bought a potion of ambrosia for 160 gold pieces
 29707 | Lair:2   | Found a staircase to the Shoals.
 29718 | Shoals:1 | Entered Level 1 of the Shoals
 29727 | Shoals:1 | Found Fimuzeado's Weapon Shop.
 29814 | Shoals:1 | Found Sylithr Faoz's Magic Scroll Shoppe.
 29939 | Shoals:1 | Found Kiwuprer's Weapon Shop.
 29999 | Shoals:1 | Found Qitunume's Magic Scroll Boutique.
 30009 | Shoals:1 | Bought a scroll of blinking for 120 gold pieces
 30009 | Shoals:1 | Bought a scroll of fog for 64 gold pieces
 30358 | Shoals:2 | Found Evirimecs's General Store.
 30539 | Shoals:2 | Noticed Ilsuiw
 30570 | Shoals:2 | Killed Ilsuiw
 30825 | Shoals:2 | Bought Great Wizards, Vol. VII for 510 gold pieces
 30831 | Shoals:2 | Learned a level 5 spell: Yara's Violent Unravelling
 30882 | Shoals:3 | Reached skill level 15 in Dodging
 31001 | Shoals:3 | Noticed a kraken
 31050 | Shoals:3 | Killed a kraken
 31084 | Shoals:3 | HP: 3/85 [alligator snapping turtle (30)]
 31084 | Shoals:3 | Slain by a faun

Illustrated notes

Levels and vault maps discovered:
D:1:      lemuel_arrival_river_bridge, layout_rooms,
          ebering_ecumenical_altar_rust
D:2:      minmay_angry_zag, layout_loops_ring, serial_aquarium,
          aquarium_bridge_straight [aquarium_subvault_bridge,
          aquarium_subvault_window, aquarium_subvault_bridge,
          aquarium_subvault_balcony], aquarium_bridge_square
          [aquarium_subvault_wall, aquarium_subvault_balcony,
          aquarium_subvault_bridge, aquarium_subvault_bridge],
          aquarium_window_1, aquarium_window_2, aquarium_window_fake,
          aquarium_window_fake, aquarium_view_2c, aquarium_view_2d,
          minmay_misc_feat_chi
D:3:      layout_loops_ring, lemuel_doored_altar, hangedman_glass_teeth,
          kennysheep_generic_room_11, uniq_sigmund
D:4:      layout_cave_pools, lightli_sewer_entry_pipes, uniq_blork_the_orc,
          uniq_grinder
D:5:      layout_basic
D:6:      layout_basic, minmay_temple_entry_large_hall, uniq_menkaure,
          uniq_duvessa
D:7:      layout_rooms, demons_altar, nicolae_kite_square_tiling_tiny,
          serial_park_tiny_pond
D:8:      layout_rooms, due_lair_maze_entry_diamond, serial_shops, shop,
          kb_rosetta, uniq_joseph
D:9:      layout_loops_ring, nicolae_overflow_hallway_of_the_gods,
          enter_bailey_5, gammafunk_ghost_arena, serial_bayou_lake_a
D:10:     layout_basic, mainiacjoe_overflow_catch_the_wave,
          grunt_temple_overflow_open, erik_orc_2
D:11:     layout_cave_pods
D:12:     layout_layer_cave, serial_shops, shop, onia_ninara_cookie, uniq_snorg
D:13:     layout_loops_cross
D:14:     minmay_crescents, layout_basic, grunt_vaults_entry_fortified,
          dreamdust_wishing_well, trog_hazing_becter, uniq_azrael
D:15:     gammafunk_depths_entry_grave, layout_basic, roderic_lattice_a,
          nicolae_trove_entry_diagonal, guppyfry_shop_venom, uniq_josephine
Temple:   minmay_temple_curvy_loop
Lair:1:   layout_gridlike, uniq_sonja, uniq_fannar
Lair:2:   layout_misc_corridors, minmay_shoals_entry_hut,
          minmay_snake_entry_guardpost_medium, grunt_megastairs_3
Lair:3:   layout_cave_pods, dreamdust_gnoll_shepherd
Lair:4:   layout_loops_ring
Lair:5:   hangedman_lair_in_review, layout_hall_layers, slime_entry_1,
          uniq_rupert
Shoals:1: layout_shoals, serial_shops, nicolae_shop_bloodbath_and_beyond,
          nicolae_lakefront_shop, shop_coins, nicolae_diamond_shop
Shoals:2: layout_shoals, serial_shops, shop, uniq_ilsuiw
Shoals:3: layout_shoals, nicolae_shop_dragon_depot,
          nicolae_shoals_elemental_ambush
Snake:1:  layout_onion_interference
Snake:2:  nicolae_sea_snake_s, layout_basic, serial_shops, nicolae_square_shop,
          st_stairs_5, evilmike_ambush [evilmike_ambush_outer_corners,
          evilmike_ambush_inner_basic]
Snake:3:  layout_onion, hellmonk_ghost_happy_afterlife, grunt_megastairs_1,
          uniq_roxanne, uniq_kirke
Snake:4:  hellmonk_snake_rune_quicksilver_temple, layout_layer_cave,
          serial_shops, nicolae_diamond_shop
Orc:1:    layout_caves
Orc:2:    st_orc_ogre_mass, layout_diamond_mine, okawaru_metal_pillars_1_2

Skill      XL: |  1  2  3  4  5  6  7  8  9 10 11 12 13 14 15 |
---------------+----------------------------------------------+-----
Summonings     | 5 6 7 8 9 10 12 14 16 | 16.0
Spellcasting   | 3 4 5 7 9 10 11 13 | 13.0
Hexes          | 2 3 4 5 |  5.0
Air Magic      | 1 3 4 6 7 |  7.0
Dodging        | 5 8 10 13 15 | 15.1
Fighting       | 2 5 7 8 |  8.2
Unarmed Combat | 2 5 7 12 | 12.8
Transmutations | 13 17 | 17.0
Earth Magic    | 5 3 |  5.0
Stealth        | |  2.6

Action                   |  1- 3 |  4- 6 |  7- 9 | 10-12 | 13-15 || total
-------------------------+-------+-------+-------+-------+-------++-------
Melee: Unarmed           |       |     8 |       |    11 |   487 ||   506
       Bite              |       |     1 |       |     1 |    83 ||    85
       Punch             |       |       |       |     1 |    39 ||    40
 Cast: Summon Small Mamm |    37 |    22 |     9 |     6 |     1 ||    75
       Call Imp          |     4 |    11 |    12 |     7 |     1 ||    35
       Call Canine Famil |     1 |    17 |    34 |    69 |    71 ||   192
       Summon Guardian G |       |     3 |    17 |    50 |    69 ||   139
       Summon Lightning  |       |       |    16 |    82 |   171 ||   269
       Summon Hydra      |       |       |       |     2 |   156 ||   158
       Statue Form       |       |       |       |       |    58 ||    58
       Wereblood         |       |       |       |       |    20 ||    20
Invok: Call Merchant     |       |       |       |     2 |     4 ||     6
Evoke: Wand              |       |       |     1 |     1 |    12 ||    14
  Use: Potion            |       |       |     1 |     5 |    12 ||    18
       Scroll            |       |       |       |     9 |    16 ||    25
 Stab: Distracted        |       |       |       |       |    14 ||    14
       Sleeping          |       |       |       |       |     2 ||     2
Armor: Skin              |     7 |    12 |     4 |    11 |   187 ||   221
Dodge: Dodged            |    40 |    78 |    25 |    59 |  1004 ||  1206
Block: Other             |       |       |       |    31 |    53 ||    84
       Reflection        |       |       |       |     3 |    16 ||    19
